 Dungeon Crawl Stone Soup version 0.30.0-5-g1a98f26d00 (webtiles) character file.

Game seed: 7778868540108008995

343 selver the Chiller (level 6, -7/41 HPs)
             Began as a Demonspawn Ice Elementalist on May 12, 2023.
             Was an Initiate of Vehumet.
             Mangled by an ogre
             ... wielding a +0 giant club
              (17 damage)
             ... on level 5 of the Dungeon.
             The game lasted 00:11:23 (3866 turns).

selver the Chiller (Demonspawn Ice Elementalist)    Turns: 3866, Time: 00:11:24

Health: -7/41      AC:  4    Str:  8    XL:     6   Next: 31%
Magic:  7/9        EV: 11    Int: 18    God:    Vehumet [......]
Gold:   220        SH:  4    Dex: 14    Spells: 2/9 levels left

rFire   . . .        l - +9 short sword of Onupauw {heavy, rElec rC+ Will+ Stlth-}
rCold   + . .        (no shield)
rNeg    . . .        s - +0 leather armour
rPois   .            (no helmet)
rElec   +            r - +0 cloak
rCorr   .            (no gloves)
SInv    .            (no boots)
Will    +....        (no amulet)
Stlth   +            (no ring)
HPRegen 0.26/turn    (no ring)
MPRegen 0.11/turn

%: no passive effects
@: no status effects
A: claws 1, large bone plates 1, spiny 1, demonic magic 1
a: Renounce Religion


You were on level 5 of the Dungeon.
You worshipped Vehumet.
Vehumet was noncommittal.
You visited 2 branches of the dungeon, and saw 6 of its levels.

You collected 220 gold pieces.

Inventory:

Hand Weapons
 g - a +2 dagger of protection
 l - the +9 short sword of Onupauw (weapon) {heavy, rElec rC+ Will+ Stlth-}
   (You found it on level 2 of the Dungeon)

   rC:        It protects you from cold.
   rElec:     It insulates you from electricity.
   Will:      It increases your willpower.
   Stlth:     It makes you less stealthy.
Missiles
 m - 5 poisoned darts
Armour
 a - a +0 robe
 r - a +0 cloak (worn)
 s - a +0 leather armour (worn)
Jewellery
 d - an amulet of guardian spirit
 w - an amulet of the acrobat
Wands
 p - a wand of polymorph (13)
 y - a wand of flame (13)
 B - a wand of acid (10)
Scrolls
 b - 2 scrolls of silence {unknown}
 c - 2 scrolls of teleportation {unknown}
 f - 3 scrolls of blinking {unknown}
 h - a scroll of vulnerability {unknown}
 j - a scroll of fear {unknown}
 k - a scroll of identify {unknown}
 n - a scroll of fog {unknown}
 o - a scroll of summoning {unknown}
 v - a scroll of enchant armour {unknown}
 z - 2 scrolls of enchant weapon {unknown}
 A - a scroll of torment {unknown}
Potions
 e - 2 potions of brilliance {unknown}
 i - a potion of haste {unknown}
 q - a potion of flight {unknown}
 t - a potion of heal wounds {unknown}
 u - a potion of ambrosia {unknown}
 x - 2 potions of invisibility {unknown}


   Skills:
 - Level 1.7 Dodging
 - Level 1.7 Stealth
 - Level 2.0 Spellcasting
 + Level 7.0 Ice Magic


You had 2 spell levels left.
You knew the following spells:

 Your Spells              Type           Power      Damage    Failure   Level
a - Freeze                Ice            100%       1d10      1%          1
b - Frozen Ramparts       Ice            54%        1d9       4%          3
c - Ozocubu's Armour      Ice            27%        N/A       4%          3

Your spell library contained the following spells:

 Spells                   Type           Power      Damage    Failure   Level
 Summon Ice Beast         Ice/Summ       14%        N/A       52%         4
 Summon Mana Viper        Hex/Summ       1%         N/A       100%        5
 Monstrous Menagerie      Summ           0%         N/A       100%        7


Dungeon Overview and Level Annotations

Branches:
Dungeon (5/15)             Temple (1/1) D:4

Altars:
Ashenzari
Cheibriados
Dithmenos
Gozag
Hepliaklqana
Kikubaaqudgha
Makhleb
Nemelex Xobeh
Okawaru
Qazlal
Ru
Sif Muna
Trog
Uskayaw
Vehumet
Wu Jian
Yredelemnul

Shops:
D:1 :   D:2 :   D:3 (


Innate Abilities, Weirdness & Mutations

You have sharp fingernails.
You are partially covered in large bone plates. (SH +4)
You are partially covered in sharp spines.
Spells you cast may paralyse adjacent enemies.


Message History

An ogre comes into view. It is wielding a +0 giant club.
The ogre shouts!
You hear a shout!
Found a book of Dangerous Friends.
You see here a wand of acid (3).
B - a wand of acid (11) (gained 3 charges)
Aiming: Corrosive Bolt
Press: ? - help, Shift-Dir - straight line, f - ogre
Aim: an ogre, wielding a +0 giant club (86% to hit)
The bolt of acid misses the ogre.
You hear a shout!
A gnoll comes into view. It is wielding a +0 club.
Aiming: Throw Flame
Press: ? - help, Shift-Dir - straight line, f/p - ogre
Aim: an ogre, wielding a +0 giant club (85% to hit)
The puff of flame hits the ogre.
The ogre is lightly wounded.
Casting: Freeze (safe; 1% risk of failure)
Confirm with . or Enter, or press ? or * to list all spells.
Aiming: Freeze (safe; 1% risk of failure)
Press: ? - help, Shift-Dir - straight line, f/p - ogre
Aim: an ogre, wielding a +0 giant club (lightly wounded)
You freeze the ogre!
The ogre is heavily wounded.
Malevolent energies surge around you.
The ogre hits you with a +0 giant club!!
Ouch! That really hurt!
* * * LOW HITPOINT WARNING * * *
Okay, then.
Okay, then.
Casting: Freeze (safe; 1% risk of failure)
Confirm with . or Enter, or press ? or * to list all spells.
Aiming: Freeze (safe; 1% risk of failure)
Press: ? - help, Shift-Dir - straight line, f/p - ogre
Aim: an ogre, wielding a +0 giant club (heavily wounded)
You freeze the ogre!
The ogre is severely wounded.
Malevolent energies surge around you.
A gnoll comes into view. It is wielding a +0 halberd.
The ogre hits you with a +0 giant club!
You die...

##...##.......
..........:...
...........#.#
.g...........###
...............#
....g........>..
................
.......O@>..#
............#
...........##
....#.....######.
................. #
##..##......#### .# #
............# ####.##..
###.(.......#####.......#
#........<)...........#


You could see an ogre and 2 gnolls.

Vanquished Creatures
  An ogre (D:5)
  A scorpion (D:4)
  An iguana (D:4)
  An orc wizard (D:3)
  6 adders
  3 worms
  3 dart slugs
  7 orcs
  9 bats
  6 endoplasms
  5 giant cockroaches
  8 hobgoblins
  4 kobolds
  8 ball pythons
  10 frilled lizards
  4 goblins
  8 rats
85 creatures vanquished.

Notes
Turn   | Place    | Note
-------+----------+-------------------------------------------
     0 | D:1      | selver the Demonspawn Ice Elementalist began the quest for
                  | the Orb.
     0 | D:1      | Reached XP level 1. HP: 13/13 MP: 3/3
    51 | D:1      | Found Qevui's Book Shop.
   184 | D:1      | Reached skill level 4 in Ice Magic
   240 | D:1      | Gained mutation: Spells you cast may paralyse adjacent
                  | enemies. [demonic ancestry]
   240 | D:1      | Reached XP level 2. HP: 19/19 MP: 5/5
   862 | D:1      | Gained mutation: You are partially covered in sharp spines.
                  | [demonic ancestry]
   862 | D:1      | Reached XP level 3. HP: 21/24 MP: 3/6
  1538 | D:2      | Identified the +9 short sword of Onupauw {heavy, rElec rC+
                  | Will+ Stlth-}
  1575 | D:2      | Found Mumeane's Vocational Training.
  2002 | D:3      | Reached skill level 5 in Ice Magic
  2273 | D:3      | Reached XP level 4. HP: 30/30 MP: 5/7
  2714 | D:3      | Found Fuerph's Weapon Boutique.
  2902 | D:4      | Gained mutation: You are partially covered in large bone
                  | plates. (SH +4) [demonic ancestry]
  2902 | D:4      | Reached XP level 5. HP: 35/35 MP: 6/8
  2950 | D:4      | Found a staircase to the Ecumenical Temple.
  3021 | Temple   | Entered the Ecumenical Temple
  3350 | Temple   | Became a worshipper of Vehumet
  3463 | D:4      | Learned a level 3 spell: Frozen Ramparts
  3467 | D:4      | Learned a level 3 spell: Ozocubu's Armour
  3537 | D:4      | Reached skill level 6 in Ice Magic
  3809 | D:5      | Entered Level 5 of the Dungeon
  3815 | D:5      | Noticed an ogre
  3820 | D:5      | Killed an ogre
  3821 | D:5      | Gained mutation: You have sharp fingernails. [demonic
                  | ancestry]
  3821 | D:5      | Reached XP level 6. HP: 41/41 MP: 7/9
  3824 | D:5      | Reached skill level 7 in Ice Magic
  3866 | D:5      | Mangled by an ogre

Illustrated notes

Levels and vault maps discovered:
D:1:      saegor_arrival_simple_c, layout_basic, serial_shops,
          nicolae_square_shop, minmay_misc_feat_nine_boxes, minmay_bisected
D:2:      layout_loops_ring, basic_altar, nicolae_shop_vocational
D:3:      layout_basic, serial_shops, nicolae_shop_back_alley_shop,
          chequers_big_river, kennysheep_generic_room_10
D:4:      layout_rooms, temple_pool_b
D:5:      layout_rooms, uniq_prince_ribbit1
Temple:   mainiacjoe_temple_cubbyholes

Skill      XL: |  1  2  3  4  5  6 |
---------------+-------------------+-----
Ice Magic      | 4 5 6 7 |  7.0
Dodging        | |  1.7
Stealth        | |  1.7
Spellcasting   | |  2.0

Action                     |  1- 3 |  4- 6 || total
---------------------------+-------+-------++-------
  Melee: Short sword       |    42 |    28 ||    70
         Dagger            |    14 |       ||    14
         Punch             |       |     1 ||     1
   Cast: Freeze            |    51 |    24 ||    75
  Evoke: Wand              |       |     2 ||     2
    Use: Potion            |     1 |       ||     1
   Stab: Sleeping          |     3 |       ||     3
         Paralysed         |     7 |    15 ||    22
 Armour: Robe              |    12 |       ||    12
         Leather armour    |       |     4 ||     4
  Dodge: Dodged            |    51 |    16 ||    67
  Block: Other             |       |     1 ||     1
